Map: Lockdown LE

Players

Chatie

  • Race: Terran Terran
  • League: Diamond

sleepy - Winner!

  • Race: Zerg Zerg
  • League: Diamond

VOD

Have the link to the VOD?

Description

Time

  • Played on: Nov. 3, 2026, 12:35 p.m.
  • Length: 12:30
Show
View Real Time Build Order
Export as new Build Order

Chatie Terran 

Build Orders: Hellion Banshee 

Get SALT Encoding   

  12  0:01  SCV  
  13  0:13  SCV  
  14  0:17  Supply Depot  
  14  0:25  SCV  
  15  0:38  SCV  
  15  0:40  Barracks  
  16  0:46  Refinery  
  16  0:51  SCV  
  16  0:53  Refinery  
  17  1:03  SCV  
  18  1:15  SCV  
  19  1:24  Reaper  
  19  1:28  Orbital Command, Supply Depot  
  20  1:43  Factory  
  20  1:53  SCV  
  21  2:00  Barracks Reactor  
  21  2:06  SCV  
  22  2:18  SCV  
  23  2:24  Command Center  
  23  2:30  SCV  
  23  2:32  Supply Depot  
  24  2:43  SCV  
  24  2:44  Hellion x2  
  24  2:45  Barracks Tech Lab  
  28  2:56  SCV  
  28  2:58  Starport  
  29  3:03  Marine  
  30  3:06  Hellion  
  30  3:11  Hellion  
  34  3:16  Bunker  
  34  3:18  SCV  
  35  3:21  Marine  
  36  3:30  SCV  
  36  3:33  Hellion  
  39  3:42  SCV  
  39  3:44  Supply Depot, Orbital Command  
  40  3:54  SCV  
  41  3:55  Barracks Tech Lab  
  41  4:04  Banshee, Cloaking Field  
  44  4:12  SCV x2  
  44  4:14  Supply Depot  
  44  4:15  Marine  
  46  4:19  Hellion x2  
  50  4:26  SCV x2  
  50  4:38  SCV x2  
  50  4:40  Marine  
  50  4:41  Stimpack  
  50  4:42  Engineering Bay  
  53  4:48  Banshee  
  53  4:50  SCV x2  
  58  4:56  Barracks  
  58  4:58  Marine  
  59  5:02  SCV  
  59  5:04  SCV  
  49  5:14  SCV  
  50  5:24  Factory Tech Lab  
  50  5:25  Terran Infantry Weapons Level 1, Marine  
  50  5:28  SCV x2  
  50  5:30  Refinery  
  50  5:38  Starport Reactor  
  50  5:40  SCV  
  51  5:43  Marine x3, Command Center  
  51  5:44  Siege Tank  
  51  5:49  SCV  
  58  5:52  SCV, Barracks  
  58  5:56  Refinery  
  59  6:01  SCV  
  60  6:04  SCV  
  60  6:07  Marine x3  
  64  6:13  SCV  
  64  6:16  SCV  
  66  6:24  Combat Shield  
  66  6:25  Marine x3, Siege Tank, SCV  
  70  6:33  Medivac x2  
  70  6:35  Supply Depot  
  70  6:39  Supply Depot  
  74  6:40  Supply Depot  
  74  6:42  Marine x2  
  74  6:44  Barracks Reactor  
  76  6:47  Armory  
  76  6:48  Marine  
  76  6:52  SCV x2  
  79  6:57  Orbital Command  
  79  6:59  Barracks  
  79  7:00  Marine x2  
  81  7:06  Marine  
  82  7:12  Siege Tank  
  82  7:13  Medivac x2  
  82  7:15  SCV x2  
  91  7:18  Marine x2  
  91  7:19  Terran Infantry Armor Level 1  
  93  7:24  Marine  
  93  7:27  SCV x2  
  96  7:35  Orbital Command  
  96  7:36  Marine x2  
  98  7:41  Marine  
  97  7:48  Barracks Reactor  
  97  7:49  Armory  
  97  7:54  Marine x2  
  97  7:57  Siege Tank, Medivac x2  
  97  7:58  Engineering Bay  
  106  7:59  Marine x3  
  106  8:01  Terran Vehicle Weapons Level 1  
  109  8:11  Marine  
  109  8:12  Marine  
  111  8:16  Marine  
  111  8:17  Marine x2  
  94  8:26  Marine x2  
  84  8:29  Siege Tank, Marine x2  
  88  8:34  Marine x2  
  88  8:35  SCV x2, Marine  
  88  8:36  SCV  
  88  8:39  Terran Vehicle And Ship Armor Level 1  
  88  8:40  Factory  
  94  8:43  Infernal Pre-Igniter, Marine x2  
  94  8:45  Factory  
  94  8:47  SCV x2, Marine x2  
  100  8:48  SCV  
  100  8:51  Supply Depot  
  100  8:52  Supply Depot, Marine x2  
  100  8:53  Marine  
  104  8:59  SCV x2  
  104  9:00  SCV  
  104  9:01  Marine x2  
  109  9:02  Medivac  
  109  9:03  Medivac  
  109  9:05  Marine x2  
  109  9:07  Refinery x2  
  115  9:10  Marine  
  115  9:11  SCV x2  
  115  9:13  SCV  
  115  9:14  Supply Depot  
  115  9:15  Supply Depot  
  119  9:17  Marine x2  
  119  9:18  Siege Tank  
  119  9:19  Marine  
  124  9:29  Marine x3  
  124  9:30  Marine  
  127  9:32  Factory Tech Lab  
  127  9:35  Factory Reactor  
  127  9:39  SCV  
  127  9:40  SCV x2  
  127  9:43  Barracks, Supply Depot  
  127  9:45  Command Center  
  124  9:50  Marine x7  
  124  9:52  SCV, Siege Tank, Medivac x2  
  142  9:55  Drilling Claws  
  142  9:59  SCV x2  
  144  10:07  Supply Depot, Marine  
  145  10:18  Marine  
  145  10:19  Marine x5  
  145  10:20  Widow Mine  
  150  10:22  Hellbat x2  
  150  10:24  Sensor Tower  
  154  10:36  Command Center  
  154  10:40  Marine x2  
  154  10:41  Marine x5  
  161  10:50  SCV x3  
  161  10:55  Hellbat  
  161  10:56  Sensor Tower  
  168  10:57  Hellbat  
  168  10:58  Marine x3  
  168  10:59  Marine x2  
  168  11:00  Planetary Fortress  
  168  11:02  SCV  
  174  11:05  Marine x2  
  174  11:11  Barracks Reactor  
  176  11:16  Marine x2  
  178  11:29  Marine x4  
  178  11:30  Marine  
  138  11:34  Marine x2  
  138  11:35  Widow Mine x3  
  138  11:36  Widow Mine  
  109  11:47  Marine x5  
  109  11:50  Marine x2  
  109  11:52  Marine x2  
  114  11:57  Widow Mine  
  100  12:05  Marine x5  
  100  12:08  Marine x2  
  92  12:09  Marine  
  92  12:10  Marine  
Show
View Real Time Build Order
Export as new Build Order

sleepy Zerg - Winner!

Build Orders: Hatch First 

Get SALT Encoding   

  12  0:00  Drone  
  13  0:08  Drone  
  14  0:14  Extractor  
  14  0:15  Drone  
  15  0:21  Overlord  
  15  0:40  Drone  
  16  0:46  Hatchery  
  15  0:50  Drone  
  15  0:53  Drone  
  17  0:57  Drone  
  18  1:06  Extractor  
  17  1:13  Spawning Pool  
  17  1:15  Drone  
  17  1:20  Drone  
  18  1:26  Drone  
  19  1:38  Drone  
  20  1:47  Drone  
  21  2:00  Queen x2  
  21  2:01  Zergling x4  
  27  2:12  Drone  
  28  2:19  Overlord  
  28  2:34  Metabolic Boost  
  28  2:42  Hatchery  
  26  2:46  Drone x4  
  26  2:47  Drone x2  
  32  2:58  Overlord  
  32  3:01  Drone  
  32  3:02  Queen  
  35  3:10  Overlord  
  35  3:17  Drone x2  
  35  3:18  Overlord  
  37  3:21  Drone x4  
  41  3:32  Drone  
  41  3:33  Drone  
  43  3:37  Queen  
  43  3:39  Overlord  
  45  3:44  Zergling x6  
  45  3:45  Zergling x6  
  45  3:46  Zergling x2  
  52  3:51  Drone x2  
  54  4:10  Drone x5  
  54  4:16  Queen  
  61  4:19  Spore Crawler  
  60  4:26  Lair  
  60  4:27  Drone x4  
  60  4:29  Spore Crawler  
  63  4:36  Drone x6  
  67  4:47  Spore Crawler, Drone x3  
  67  4:48  Queen, Roach Warren  
  67  4:52  Queen  
  72  4:55  Zergling x2  
  72  4:57  Overlord x2  
  73  5:08  Drone x3  
  71  5:19  Overlord  
  69  5:31  Drone x7  
  69  5:32  Drone x7  
  83  5:38  Evolution Chamber  
  83  5:39  Baneling Nest  
  81  5:47  Overlord  
  81  5:48  Overlord x3  
  81  5:54  Hatchery, Extractor  
  81  5:56  Extractor  
  78  5:58  Evolution Chamber  
  75  6:04  Drone  
  75  6:05  Drone x3  
  75  6:07  Drone x2  
  75  6:08  Drone x3  
  75  6:10  Zergling x6  
  87  6:13  Overseer  
  87  6:17  Drone x3  
  88  6:26  Drone x3, Hatchery  
  88  6:27  Drone, Extractor  
  88  6:29  Zerg Ground Armor Level 1  
  88  6:30  Centrifugal Hooks  
  90  6:40  Drone  
  90  6:41  Drone x2, Hydralisk Den  
  92  6:47  Extractor  
  92  6:48  Extractor  
  92  6:50  Zerg Melee Weapons Level 1  
  92  6:51  Zergling x12  
  92  6:53  Baneling  
  96  6:55  Zergling x6  
  96  6:56  Zergling x4  
  100  7:10  Overseer  
  100  7:13  Baneling x3  
  100  7:15  Overlord x4  
  100  7:17  Zergling x10  
  105  7:25  Hatchery  
  105  7:27  Zergling x2  
  105  7:28  Zergling x20  
  115  7:30  Grooved Spines  
  115  7:35  Zergling x4  
  117  7:45  Zergling x6  
  117  7:48  Baneling x3  
  120  7:54  Infestation Pit  
  120  7:55  Drone x5  
  120  7:56  Drone, Zergling x4  
  120  7:57  Zergling x6  
  130  8:03  Baneling x6  
  130  8:15  Zergling x24  
  128  8:20  Muscular Augments  
  124  8:38  Zergling x28  
  124  8:40  Overlord  
  138  8:41  Hive  
  138  8:44  Lurker Den  
  138  8:47  Drone  
  138  8:48  Drone x6  
  144  8:53  Queen  
  144  8:55  Extractor  
  145  8:57  Baneling  
  145  8:58  Baneling x15  
  145  9:00  Extractor  
  145  9:01  Zerg Melee Weapons Level 2  
  144  9:04  Drone x2  
  144  9:05  Drone x2  
  144  9:06  Drone x3  
  151  9:14  Zerg Ground Armor Level 2  
  151  9:18  Extractor  
  151  9:21  Extractor  
  145  9:37  Drone x9  
  154  9:40  Zergling x26  
  154  9:42  Spore Crawler  
  154  9:44  Hydralisk x3, Spore Crawler  
  169  9:46  Hydralisk x3  
  169  9:47  Hydralisk x2  
  179  10:16  Spore Crawler  
  179  10:18  Overlord x3  
  179  10:19  Overlord  
  179  10:20  Adrenal Glands  
  178  10:22  Hatchery, Ultralisk Cavern  
  178  10:25  Hatchery  
  175  10:32  Hydralisk  
  175  10:33  Hydralisk  
  175  10:39  Baneling x14  
  175  10:40  Baneling x12  
  175  10:41  Zergling x14  
  175  10:42  Zergling x4  
  184  10:47  Drone  
  184  10:48  Drone x14  
  199  10:55  Spire  
  198  11:00  Pneumatized Carapace  
  198  11:01  Burrow  
  197  11:26  Zergling x12  
  197  11:27  Zergling x6  
  161  11:37  Spore Crawler, Zergling x2  
  161  11:38  Zergling x32  
  164  11:40  Hydralisk x9  
  175  12:01  Hydralisk x8  
  171  12:06  Zergling x2  
  171  12:07  Zergling x34  
Tags
 
Add a new tag
Caveats
  • Supply blocks, unpowered buildings, or Contaminate may cause inaccurate times.
  • Supply counts are checked every 10 seconds.